[Event "Titled Tuesday Blitz June 13 Late 2023"]
[White "robertoalejandro10"]
[Black "Oro, Faustino"]
[BlackFideId "20000197"]
[WhiteElo "2623"]
[BlackElo "1984"]
[Result "0-1"]
[Round "10"]
[TimeControl "180+2"]
[Date "2023.06.13"]
[WhiteClock "0:00:00"]
[BlackClock "0:00:24"]
[Board "36"]

1. Nf3 Nf6 2. c4 e6 3. b3 d5 4. Bb2 Be7 5. g3 O-O 6. Bg2 b6 7. O-O Bb7 8. e3 Nbd7 9. Qe2 c5 10. Rd1 Rc8 11. Nc3 Qc7 12. Rac1 Qb8 13. d3 Rfd8 14. h4 h6 15. cxd5 exd5 16. d4 Nf8 17. dxc5 bxc5 18. Na4 Ne6 19. Ne5 Ne4 20. Bxe4 dxe4 21. Qg4 Rxd1+ 22. Rxd1 Rd8 23. Nd7 Qc8 24. Ne5 Qc7 25. Rxd8+ Qxd8 26. Nc3 Qd2 27. Qe2 Qd8 28. Na4 Nc7 29. Nc4 Nd5 30. Qg4 Nf6 31. Qf5 Bc8 32. Qe5 Qd1+ 33. Kg2 Bh3+ 34. Kh2 Ng4+ 35. Kxh3 Nxe5 0-1


[Site "https://www.chess.com"]

[Event "Titled Tuesday Blitz June 13 Late 2023"]
[White "Bartel, Michal"]
[Black "Tejedor Fuente, Enrique"]
[WhiteFideId "1119257"]
[BlackFideId "2299100"]
[WhiteElo "2282"]
[BlackElo "2496"]
[Result "0-1"]
[Round "10"]
[TimeControl "180+2"]
[Date "2023.06.13"]
[WhiteClock "0:00:29"]
[BlackClock "0:00:49"]
[Board "37"]

1. e4 d6 2. g3 h5 3. h4 Bg4 4. Be2 Nf6 5. Nc3 c5 6. Nf3 Bxf3 7. Bxf3 Nc6 8. d3 g6 9. Be3 Bg7 10. Qd2 Nd7 11. Bg2 Rb8 12. O-O b5 13. f4 O-O 14. f5 b4 15. Nd1 Nde5 16. Bh6 Nd4 17. Bxg7 Kxg7 18. c3 bxc3 19. bxc3 Ndc6 20. Ne3 Qb6 21. Nd5 Qb2 22. Qg5 f6 23. Qe3 Ng4 24. Qc1 Qxc1 25. Raxc1 Rb2 26. a4 Rfb8 27. Bf3 Nh2 28. Rf2 Rxf2 29. Kxf2 Rb2+ 30. Ke3 Ne5 31. fxg6 Nhg4+ 32. Kf4 Nxd3+ 33. Kf5 Nxc1 34. Nxe7 Rf2 0-1


[Site "https://www.chess.com"]

[Event "Titled Tuesday Blitz June 13 Late 2023"]
[White "Martinez Ramirez, Lennis"]
[Black "Janaszak, Dawid"]
[WhiteFideId "3509079"]
[BlackFideId "1119206"]
[WhiteElo "2410"]
[BlackElo "2220"]
[Result "0-1"]
[Round "10"]
[TimeControl "180+2"]
[Date "2023.06.13"]
[WhiteClock "0:01:10"]
[BlackClock "0:02:09"]
[Board "38"]

1. c4 e6 2. d4 d5 3. Nc3 c5 4. cxd5 cxd4 5. Qxd4 Nc6 6. Qd1 exd5 7. Qxd5 Bd6 8. Bg5 Nf6 9. Bxf6 Qxf6 10. Nf3 Nb4 11. Qd2 Bf5 12. e4 O-O-O 13. exf5 Bf4 14. Qxf4 Nc2+ 15. Ke2 Qa6+ 16. Nb5 Qxb5+ 17. Qc4+ Qxc4# 0-1


[Site "https://www.chess.com"]

[Event "Titled Tuesday Blitz June 13 Late 2023"]
[White "Makridis, Dimitrios"]
[Black "Prydun, Andriy"]
[WhiteFideId "25864475"]
[BlackFideId "14145898"]
[WhiteElo "2277"]
[BlackElo "2164"]
[Result "1-0"]
[Round "10"]
[TimeControl "180+2"]
[Date "2023.06.13"]
[WhiteClock "0:00:34"]
[BlackClock "0:00:05"]
[Board "39"]

1. e4 c6 2. d4 d5 3. exd5 cxd5 4. Bd3 Nc6 5. c3 Qc7 6. h3 e5 7. dxe5 Nxe5 8. Nf3 Nf6 9. O-O Bd6 10. Nxe5 Bxe5 11. Bb5+ Bd7 12. Bxd7+ Nxd7 13. Qxd5 O-O 14. Nd2 Nf6 15. Qf3 Rfe8 16. Rd1 Rad8 17. Nf1 Rxd1 18. Qxd1 Qc6 19. Be3 Nd5 20. Qf3 Nxe3 21. Qxc6 bxc6 22. Nxe3 Bf4 23. Rd1 h5 24. Nc4 Re2 25. Kf1 Rc2 26. g3 Bh6 27. h4 g5 28. hxg5 Bxg5 29. Ke1 f5 30. Rd6 Kg7 31. Rxc6 f4 32. Ne5 Bf6 33. Rc7+ Kg8 34. gxf4 Bg7 35. Nd3 h4 36. Kd1 h3 37. Rc5 1-0


[Site "https://www.chess.com"]

[Event "Titled Tuesday Blitz June 13 Late 2023"]
[White "benny_aizenberg"]
[Black "GAO"]
[WhiteElo "2686"]
[BlackElo "2420"]
[Result "1/2-1/2"]
[Round "10"]
[TimeControl "180+2"]
[Date "2023.06.13"]
[WhiteClock "0:00:04"]
[BlackClock "0:00:14"]
[Board "40"]

1. g4 d5 2. g5 Bf5 3. h4 e6 4. d3 c5 5. Bg2 Nc6 6. Nd2 h6 7. e4 Bh7 8. f4 Bd6 9. Ne2 Nd4 10. exd5 exd5 11. Bxd5 Qe7 12. Ne4 O-O-O 13. Be3 hxg5 14. hxg5 Bxe4 15. Rxh8 Bxd5 16. Bxd4 cxd4 17. Qd2 Bb4 18. c3 dxc3 19. bxc3 Ba3 20. Kf2 f6 21. Qe3 fxg5 22. Qxe7 Bxe7 23. f5 Nf6 24. Rxd8+ Kxd8 25. Rg1 Kc7 26. c4 Bc6 27. Ke3 g4 28. Nf4 Kd7 29. d4 b5 30. cxb5 Bxb5 31. Rb1 a6 32. Ne6 Bc4 33. Rb7+ Ke8 34. Nxg7+ Kf7 35. Ne6 Bxe6 36. fxe6+ Kxe6 37. Rb6+ Kf5 38. Rxa6 g3 39. Kf3 Ne4 40. Ra5+ Kf6 41. Re5 Ng5+ 42. Kg2 Bd6 43. Re3 Ne6 44. Rf3+ Ke7 45. d5 Nf4+ 46. Kxg3 Nxd5+ 47. Kf2 Kd7 48. Ke2 Kc6 49. Kd3 Ne7 50. Kd4 Nd5 51. Rf1 Bc5+ 52. Ke5 Bd6+ 53. Ke4 Nc3+ 54. Kd4 Nxa2 55. Rf3 Nb4 56. Kc4 Nd5 57. Rd3 Nb6+ 58. Kb3 Bc5 59. Rc3 Kb5 60. Rxc5+ Kxc5 1/2-1/2


[Site "https://www.chess.com"]

[Event "Titled Tuesday Blitz June 13 Late 2023"]
[White "Kuznetsov, Felix"]
[Black "D`Arruda, Ricardo D."]
[WhiteFideId "34147990"]
[BlackFideId "100692"]
[WhiteElo "2281"]
[BlackElo "2548"]
[Result "1-0"]
[Round "10"]
[TimeControl "180+2"]
[Date "2023.06.13"]
[WhiteClock "0:01:31"]
[BlackClock "0:00:00"]
[Board "41"]

1. e4 c5 2. Nf3 Nc6 3. d4 cxd4 4. Nxd4 e5 5. Nb5 a6 6. Nd6+ Bxd6 7. Qxd6 Qe7 8. Qd1 Nf6 9. Nc3 d6 10. Be3 Be6 11. Be2 O-O 12. O-O Rac8 13. Qd2 h6 14. Rad1 Rfd8 15. f4 exf4 16. Bxf4 Ne5 17. Qe3 b5 18. Qg3 Rxc3 19. Qxc3 Nxe4 20. Qd4 Bc4 21. Qxe4 d5 22. Qxe5 Qxe5 23. Bxe5 Bxe2 24. Rfe1 Bxd1 25. Rxd1 f6 26. Bc3 Kf7 27. Kf2 Ke6 28. Ke3 Rc8 29. Kd3 Rc4 30. Re1+ Kd7 31. b3 Rf4 32. Re2 Rf1 33. Bd4 Rd1+ 34. Rd2 Rh1 35. h3 Rf1 36. Bc5 Kc6 37. b4 Rf5 38. Re2 1-0


[Site "https://www.chess.com"]

[Event "Titled Tuesday Blitz June 13 Late 2023"]
[White "Druska, Juraj"]
[Black "Petesch, Gabriel"]
[WhiteFideId "14915650"]
[BlackFideId "2032465"]
[WhiteElo "2415"]
[BlackElo "2374"]
[Result "0-1"]
[Round "10"]
[TimeControl "180+2"]
[Date "2023.06.13"]
[WhiteClock "0:00:13"]
[BlackClock "0:00:08"]
[Board "42"]

1. a3 c5 2. b4 Nf6 3. Nf3 e6 4. g3 Be7 5. Bg2 O-O 6. O-O b6 7. c4 Bb7 8. d3 d5 9. Nbd2 Nc6 10. b5 Nb8 11. Bb2 Nbd7 12. a4 a6 13. Qb3 d4 14. Rab1 Qc7 15. Bc1 e5 16. Nh4 Bxg2 17. Kxg2 Rfe8 18. f3 g6 19. Kg1 Nh5 20. Ng2 f5 21. Kf2 Bg5 22. Re1 Ndf6 23. Nf1 Bxc1 24. Rexc1 e4 25. Rc2 a5 26. Qb2 Re7 27. Qc1 Rae8 28. Qg5 Re5 29. Nf4 exd3 30. exd3 Qe7 31. Rbb2 Ng4+ 32. fxg4 Qxg5 33. gxh5 Qh6 34. hxg6 hxg6 35. Kg2 g5 36. Nd5 f4 37. Rf2 Kh8 38. Rbd2 Rg8 39. Rf3 Rg7 40. Rdf2 Rg8 41. Nc7 Re3 42. Nd5 Rxf3 43. Rxf3 Qh7 44. Nd2 Qh5 45. Ne4 g4 46. Nxf4 gxf3+ 47. Kf2 Qh7 48. Nf6 Qxh2+ 49. Kxf3 Rf8 50. N6d5 Kg7 51. Kg4 Rxf4+ 52. Nxf4 Qa2 53. Ne6+ Kf6 54. Nc7 Qxa4 55. Nd5+ Ke5 56. Nxb6 Qd1+ 57. Kh3 a4 58. Nd7+ Kd6 59. Nf6 a3 60. Ne4+ Kc7 61. Nxc5 a2 62. Ne6+ Kd6 63. Nxd4 a1=Q 64. Nf5+ Ke5 65. Nh6 Qh5+ 66. Kg2 Qah1+ 67. Kf2 Q5h2+ 68. Ke3 Qxh6+ 69. Ke2 Q1h2+ 70. Kd1 Q6d2# 0-1


[Site "https://www.chess.com"]

[Event "Titled Tuesday Blitz June 13 Late 2023"]
[White "Yeritsyan, Hayk"]
[Black "Pakleza, Zbigniew"]
[WhiteFideId "13307320"]
[BlackFideId "1119290"]
[WhiteElo "2515"]
[BlackElo "2410"]
[Result "0-1"]
[Round "10"]
[TimeControl "180+2"]
[Date "2023.06.13"]
[WhiteClock "0:00:00"]
[BlackClock "0:00:11"]
[Board "43"]

1. d4 d6 2. Nf3 Bg4 3. Bf4 Nc6 4. Nbd2 Nf6 5. h3 Bh5 6. c3 Qd7 7. Qb3 O-O-O 8. e3 e5 9. Bh2 e4 10. Ng1 d5 11. Ne2 Bd6 12. Bxd6 Qxd6 13. Nf4 Bg6 14. Nxg6 hxg6 15. O-O-O Ng4 16. Ba6 Nxf2 17. Qxb7+ Kd7 18. Rhf1 Rb8 19. Rxf2 f5 20. Rdf1 Qg3 21. Re2 Rxb7 22. Bxb7 Rb8 23. Bxc6+ Kxc6 24. Nb3 Rf8 25. Nc5 Kd6 26. Kd2 g5 27. Nb7+ Ke7 28. Nc5 f4 29. Rfe1 Kd6 30. Nb7+ Kc6 31. Nc5 Rh8 32. Ne6 f3 0-1


[Site "https://www.chess.com"]

[Event "Titled Tuesday Blitz June 13 Late 2023"]
[White "Haszon, David"]
[Black "Fisher_TheGalactic"]
[WhiteFideId "733610"]
[WhiteElo "2210"]
[BlackElo "2683"]
[Result "0-1"]
[Round "10"]
[TimeControl "180+2"]
[Date "2023.06.13"]
[WhiteClock "0:00:00"]
[BlackClock "0:01:55"]
[Board "44"]

1. e4 d5 2. exd5 Qxd5 3. Nc3 Qd6 4. Nf3 Nf6 5. g3 c6 6. Bg2 Bf5 7. O-O e6 8. Nh4 Bg6 9. d3 Be7 10. Bf4 Qd8 11. Re1 Nbd7 12. Nxg6 hxg6 13. Ne4 Nxe4 14. Rxe4 Qb6 15. a4 Nf6 16. a5 Qb5 17. Re5 Qa6 18. d4 Bd6 19. Bf1 b5 20. axb6 Qxb6 0-1


[Site "https://www.chess.com"]

[Event "Titled Tuesday Blitz June 13 Late 2023"]
[White "Osmak, Yuliia"]
[Black "Arabidze, Meri"]
[WhiteFideId "14101602"]
[BlackFideId "13604040"]
[WhiteElo "2303"]
[BlackElo "2405"]
[Result "0-1"]
[Round "10"]
[TimeControl "180+2"]
[Date "2023.06.13"]
[WhiteClock "0:00:10"]
[BlackClock "0:00:14"]
[Board "45"]

1. b3 Nf6 2. Bb2 g6 3. Nf3 Bg7 4. e3 O-O 5. Be2 d6 6. O-O e5 7. d4 e4 8. Nfd2 d5 9. c4 c6 10. Nc3 a6 11. f3 exf3 12. Bxf3 Qe7 13. e4 dxe4 14. Ndxe4 Nxe4 15. Nxe4 Bf5 16. Ng3 Be6 17. Qd2 Qh4 18. Rae1 Nd7 19. d5 cxd5 20. cxd5 Bxb2 21. Qxb2 Bg4 22. Qd4 h5 23. Re4 Qf6 24. Bxg4 Qxd4+ 25. Rxd4 hxg4 26. Rxg4 Rac8 27. Nf5 Rc2 28. h4 Ne5 29. Rg3 Kh7 30. Nd6 b5 31. h5 gxh5 32. Rf5 Rc1+ 33. Kf2 Ng4+ 34. Ke2 Kg6 35. Rf4 f6 36. Ne4 f5 37. Nd2 Rd8 38. Rd4 h4 39. Rh3 Re8+ 40. Kf3 Rc3+ 41. Kf4 Rxh3 42. gxh3 Nf2 43. Nf3 Nxh3# 0-1


[Site "https://www.chess.com"]

[Event "Titled Tuesday Blitz June 13 Late 2023"]
[White "Rios Escobar, Adan"]
[Black "Saveliev, Alexei"]
[WhiteFideId "3403645"]
[BlackFideId "24128546"]
[WhiteElo "2497"]
[BlackElo "2271"]
[Result "0-1"]
[Round "10"]
[TimeControl "180+2"]
[Date "2023.06.13"]
[WhiteClock "0:00:02"]
[BlackClock "0:00:28"]
[Board "46"]

1. d4 g6 2. g3 Bg7 3. Bg2 d6 4. e4 Nf6 5. Ne2 O-O 6. O-O Nc6 7. Nbc3 Nd7 8. Be3 e5 9. d5 Ne7 10. f4 f5 11. a4 fxe4 12. Nxe4 Nf5 13. Bf2 Nf6 14. Ng5 Ng4 15. Qd3 exf4 16. Ne6 Bxe6 17. dxe6 Nxf2 18. Rxf2 fxg3 19. hxg3 Qg5 20. Bxb7 Rae8 21. Bd5 Kh8 22. Raf1 c6 23. Bxc6 Rxe6 24. Be4 Re5 25. Bxf5 Rexf5 26. Rxf5 gxf5 27. Nf4 Re8 28. Kg2 Be5 29. b3 Rg8 30. Qf3 a5 31. Rf2 Bd4 32. Rf1 Be5 33. c4 Qh6 34. Rh1 Qxf4 35. Qxf4 Bxf4 36. Kf3 Be5 37. Rh3 Rb8 38. Rh5 Rxb3+ 39. Kg2 Rxg3+ 40. Kf2 Rc3 41. Rxf5 Rxc4 42. Kf3 Rxa4 43. Rh5 Kg7 44. Ke2 Kg6 45. Rh1 Ra2+ 46. Kd3 Kf5 47. Kc4 Rh2 48. Rf1+ Bf4 49. Rg1 h5 50. Rf1 h4 51. Kb3 h3 52. Ka4 Ra2+ 53. Kb3 Rd2 54. Ka4 h2 55. Kxa5 Rg2 56. Rd1 Rg1 57. Rd5+ Ke4 58. Rh5 h1=Q 59. Rb5 Rg5 60. Kb6 Rxb5+ 61. Kc6 Rc5+ 62. Kd7 Qh7+ 63. Ke6 Qf5+ 0-1


[Site "https://www.chess.com"]

[Event "Titled Tuesday Blitz June 13 Late 2023"]
[White "Estrada Nieto, Julian"]
[Black "Mendez Fortes, Eduardo Jesus"]
[WhiteFideId "5101018"]
[BlackFideId "3502376"]
[WhiteElo "2161"]
[BlackElo "2307"]
[Result "1-0"]
[Round "10"]
[TimeControl "180+2"]
[Date "2023.06.13"]
[WhiteClock "0:00:17"]
[BlackClock "0:00:11"]
[Board "47"]

1. e4 e5 2. Nf3 Nc6 3. Bb5 Nf6 4. O-O Nxe4 5. d4 Nd6 6. Bxc6 dxc6 7. dxe5 Nf5 8. Qxd8+ Kxd8 9. Nc3 Be7 10. Rd1+ Ke8 11. h3 h5 12. Bg5 Be6 13. Rd2 Rd8 14. Rad1 Rxd2 15. Rxd2 f6 16. Bf4 Bd8 17. exf6 gxf6 18. Nd4 Nxd4 19. Rxd4 Kf7 20. Ne4 b6 21. b3 Rg8 22. Kf1 c5 23. Rd1 Bf5 24. f3 Re8 25. Re1 a5 26. Kf2 Bd7 27. g4 hxg4 28. hxg4 Bc6 29. Rd1 Rg8 30. Ng3 a4 31. Nf5 Rh8 32. Kg3 a3 33. Bc1 Be7 34. Bxa3 Ra8 35. Nxe7 Kxe7 36. Re1+ Kf7 37. Bc1 Rxa2 38. Re2 Bd5 39. Bf4 Bxb3 40. Bxc7 b5 41. Bd6 Bxc2 42. Bxc5 Rb2 43. Re7+ Kg6 44. f4 f5 45. g5 Be4 46. Re6+ Kf7 47. Rf6+ Kg8 48. Bd4 Rg2+ 49. Kh3 Rd2 50. Be5 Rd3+ 51. Kh4 b4 52. Rb6 Bg2 53. g6 b3 54. Rb8+ Rd8 55. Rxd8# 1-0


[Site "https://www.chess.com"]

[Event "Titled Tuesday Blitz June 13 Late 2023"]
[White "Schnaider, Ilan"]
[Black "Toniutti, Ezio"]
[WhiteFideId "169013"]
[BlackFideId "113034"]
[WhiteElo "2224"]
[BlackElo "2215"]
[Result "1-0"]
[Round "10"]
[TimeControl "180+2"]
[Date "2023.06.13"]
[WhiteClock "0:00:24"]
[BlackClock "0:00:05"]
[Board "48"]

1. e4 e5 2. Nf3 Nc6 3. Bc4 Nf6 4. d3 Be7 5. O-O O-O 6. Nc3 d6 7. a4 h6 8. a5 a6 9. h3 Nh7 10. d4 Bf6 11. Be3 Bd7 12. Nd5 Re8 13. dxe5 Nxe5 14. Nxe5 Bxe5 15. f4 Bf6 16. e5 dxe5 17. Nxf6+ Nxf6 18. fxe5 Rxe5 19. Bd4 Rf5 20. Bxf6 Qxf6 21. Qxd7 Rd8 22. Qxf5 1-0


[Site "https://www.chess.com"]

[Event "Titled Tuesday Blitz June 13 Late 2023"]
[White "Uzcategui Rodriguez, Alejandro"]
[Black "Moral Garcia, Serafin"]
[WhiteFideId "3903400"]
[BlackFideId "2201925"]
[WhiteElo "2252"]
[BlackElo "2274"]
[Result "1/2-1/2"]
[Round "10"]
[TimeControl "180+2"]
[Date "2023.06.13"]
[WhiteClock "0:01:11"]
[BlackClock "0:01:55"]
[Board "49"]

1. d4 Nf6 2. Nf3 g6 3. Bg5 Bg7 4. Nbd2 d5 5. e3 c5 6. c3 Nbd7 7. Be2 O-O 8. O-O Re8 9. b4 cxb4 10. cxb4 e6 11. a4 a5 12. b5 Nb6 13. Nb3 h6 14. Bh4 g5 15. Bg3 Ne4 16. Ra2 Nc3 17. Qc2 Nxa2 18. Qxa2 Nd7 19. Rc1 b6 20. Qa3 Bf8 21. Qb2 Nf6 22. Nfd2 Ra7 23. Bd3 Bd6 24. Be5 Bxe5 25. dxe5 Nd7 26. Bb1 Rc7 27. Rc6 Bb7 28. Qc2 Bxc6 29. Qh7+ Kf8 30. Qxh6+ Ke7 31. Qxg5+ Kf8 32. Qh6+ Ke7 33. Qg5+ Kf8 34. Qh6+ Ke7 35. Qh4+ Kf8 36. Qh8+ Ke7 37. Qh4+ Kf8 38. Qh8+ Ke7 39. Qh4+ 1/2-1/2


[Site "https://www.chess.com"]

[Event "Titled Tuesday Blitz June 13 Late 2023"]
[White "marik_spb"]
[Black "Hajiyev, Kanan"]
[BlackFideId "13404148"]
[WhiteElo "2493"]
[BlackElo "2115"]
[Result "1-0"]
[Round "10"]
[TimeControl "180+2"]
[Date "2023.06.13"]
[WhiteClock "0:00:05"]
[BlackClock "0:00:11"]
[Board "50"]

1. d4 a6 2. c4 b5 3. e4 Bb7 4. f3 c5 5. cxb5 axb5 6. Bxb5 Qb6 7. Bc4 Qb4+ 8. Nd2 cxd4 9. Qb3 Qxb3 10. Bxb3 Nc6 11. Ne2 e5 12. O-O Ba6 13. Bc4 Bc5 14. Kh1 Nf6 15. a3 Ke7 16. Rb1 Rhc8 17. Bxa6 Rxa6 18. b4 d3 19. Ng3 Bd4 20. b5 Rb6 21. bxc6 Rbxc6 22. Nf5+ Ke6 23. Nxg7+ Kd6 24. Nf5+ Ke6 25. Nxd4+ exd4 26. Nb3 Ke5 27. g3 d5 28. Bf4+ Ke6 29. Nxd4+ Kd7 30. Nxc6 Rxc6 31. exd5 Nxd5 32. Rbd1 Rc3 33. Be5 Rxa3 34. Rd2 Ne3 35. Re1 Nc4 36. Bb2 Ra2 37. Rxd3+ Kc6 38. Bf6 h5 39. Rc1 Kb5 40. Rb3+ Ka4 41. Rb8 Na5 42. Ra8 h4 43. Bc3 Kb5 44. Rxa5+ Rxa5 45. Bxa5 Kxa5 46. gxh4 Kb5 47. Re1 Kc5 48. h5 Kd6 49. h6 f5 50. h7 f4 51. h8=Q Kd5 52. Qe5+ Kc4 53. Rc1+ Kd3 54. Rc3+ Kd2 55. Qd4+ Ke2 56. Qd3+ Ke1 57. Qb1+ Kd2 58. Qb2+ Ke1 59. Rc1# 1-0


[Site "https://www.chess.com"]

[Event "Titled Tuesday Blitz June 13 Late 2023"]
[White "Rottenwohrer Suarez, Juan"]
[Black "MaryanKyrychenko"]
[WhiteFideId "32068182"]
[WhiteElo "2174"]
[BlackElo "2578"]
[Result "1/2-1/2"]
[Round "10"]
[TimeControl "180+2"]
[Date "2023.06.13"]
[WhiteClock "0:00:06"]
[BlackClock "0:00:16"]
[Board "51"]

1. d4 Nf6 2. c4 e6 3. Nc3 Bb4 4. Nf3 O-O 5. g3 b6 6. Bg2 Bb7 7. O-O Bxc3 8. bxc3 d6 9. a4 a5 10. c5 dxc5 11. dxc5 bxc5 12. Ba3 Nbd7 13. Qc2 Be4 14. Qd2 Re8 15. Qe3 c4 16. Rfd1 Qc8 17. Rd4 Bd5 18. Ne5 c5 19. Rh4 Qb7 20. Nxd7 Nxd7 21. f3 h6 22. Bxc5 Qb2 23. Rf1 Nxc5 24. Qxc5 Qxc3 25. e4 Rec8 26. Qd6 Bc6 27. Qf4 Bxa4 28. Rg4 h5 29. Rg5 g6 30. e5 Rd8 31. Qf6 Bc2 32. f4 Rac8 33. f5 Bxf5 34. Rfxf5 exf5 35. Rxg6+ fxg6 36. Qxg6+ Kf8 37. Qf6+ Ke8 38. Qe6+ Kf8 39. Qf6+ Kg8 40. Qg6+ Kh8 41. Qh6+ Kg8 42. Qg6+ 1/2-1/2


[Site "https://www.chess.com"]

[Event "Titled Tuesday Blitz June 13 Late 2023"]
[White "Wizard_of_Odds"]
[Black "TimGrutter03"]
[WhiteElo "2486"]
[BlackElo "2575"]
[Result "0-1"]
[Round "10"]
[TimeControl "180+2"]
[Date "2023.06.13"]
[WhiteClock "0:00:00"]
[BlackClock "0:01:12"]
[Board "52"]

1. d4 Nf6 2. c4 e6 3. Nc3 Bb4 4. e3 O-O 5. Ne2 c5 6. a3 Bxc3+ 7. Nxc3 cxd4 8. exd4 d5 9. Bg5 dxc4 10. Bxc4 Nc6 11. d5 exd5 12. Nxd5 Qe8+ 13. Ne3 Qe5 14. Bxf6 Qxf6 15. Qc1 Na5 16. O-O Nxc4 17. Nxc4 Be6 18. Ne3 Rac8 19. Qb1 Rfd8 20. b4 Rd2 21. Qe1 Rcd8 22. Rd1 Rxd1 23. Nxd1 Bc4 24. Ne3 Bxf1 25. Qxf1 Rd2 26. g3 Ra2 27. Qb5 Ra1+ 28. Kg2 Qc6+ 29. Qxc6 bxc6 30. Nc4 Rc1 31. Ne5 c5 32. b5 Rb1 33. a4 Rb4 34. Nd3 Rxa4 35. Nxc5 Ra5 0-1


[Site "https://www.chess.com"]

[Event "Titled Tuesday Blitz June 13 Late 2023"]
[White "Nikologorsky, Matfei"]
[Black "Korkmaz, Necmettin"]
[WhiteFideId "24102474"]
[BlackFideId "6303285"]
[WhiteElo "2153"]
[BlackElo "2097"]
[Result "0-1"]
[Round "10"]
[TimeControl "180+2"]
[Date "2023.06.13"]
[WhiteClock "0:00:00"]
[BlackClock "0:00:10"]
[Board "53"]

1. e4 e5 2. Nf3 Nc6 3. Bb5 a6 4. Ba4 d6 5. O-O b5 6. Bb3 Na5 7. d4 Nxb3 8. axb3 Bb7 9. dxe5 dxe5 10. Nc3 Bd6 11. Nd5 Ne7 12. c4 O-O 13. Qe2 c6 14. Ne3 Re8 15. Rd1 Qc7 16. Nh4 g6 17. Nf3 Nc8 18. Ng4 Qe7 19. Bg5 Qe6 20. Nf6+ Kg7 21. Nxe8+ Qxe8 22. Qe3 f6 23. Bh6+ Kg8 24. c5 Be7 25. Rd3 Na7 26. Rad1 Bc8 27. b4 Be6 28. Nh4 a5 29. f4 exf4 30. Bxf4 g5 31. Nf5 Bxf5 32. exf5 gxf4 33. Qxf4 axb4 34. Rd7 Bxc5+ 35. Kh1 Kh8 36. Qc7 Qh5 37. Rd8+ Bf8 38. R1d7 Rxd8 39. Qxd8 Kg8 40. Rxa7 Qe2 41. Ra1 Qxb2 42. Rd1 Qe5 43. h3 b3 44. Qc8 b2 45. Rd8 b1=Q+ 0-1


[Site "https://www.chess.com"]

[Event "Titled Tuesday Blitz June 13 Late 2023"]
[White "Sadovsky, Artem"]
[Black "Ansh M Shah"]
[WhiteFideId "4155840"]
[BlackFideId "25033379"]
[WhiteElo "2314"]
[BlackElo "2084"]
[Result "0-1"]
[Round "10"]
[TimeControl "180+2"]
[Date "2023.06.13"]
[WhiteClock "0:00:00"]
[BlackClock "0:00:30"]
[Board "54"]

1. Nf3 c6 2. e3 d5 3. c4 e6 4. b3 Nf6 5. Bb2 g6 6. Be2 Bg7 7. O-O O-O 8. d3 Nbd7 9. Nbd2 b6 10. Qc2 Bb7 11. e4 c5 12. Rae1 Nh5 13. Bxg7 Nxg7 14. d4 cxd4 15. exd5 exd5 16. Nxd4 Rc8 17. Bf3 Nc5 18. Nb5 a6 19. Nc3 dxc4 20. Bxb7 Nxb7 21. bxc4 Na5 22. Nce4 b5 23. c5 f5 24. Ng3 Qd4 25. Nb3 Nxb3 26. Qxb3+ Qc4 27. Qxc4+ bxc4 28. Re5 Rfe8 29. Rxe8+ Nxe8 30. Re1 Kf7 31. Ne2 Rxc5 32. Nc3 Nd6 33. Rd1 Nb5 34. Na4 Rc7 35. Kf1 Ke6 36. Ke2 Ke5 37. Nb6 Nd4+ 38. Ke3 f4+ 39. Kd2 c3+ 40. Kd3 Nb5 41. Nc4+ Kf5 42. Rc1 Rd7+ 43. Kc2 Rd4 44. Na5 Ra4 45. Nb3 Rxa2+ 46. Kd3 Rxf2 47. Nd4+ Nxd4 48. Kxd4 c2 49. g4+ Kxg4 50. Ke4 Re2+ 51. Kd3 Rxh2 52. Ke4 Re2+ 53. Kd4 f3 54. Rxc2 Rxc2 55. Kd3 Re2 56. Kd4 Re8 57. Kd3 f2 58. Kd4 f1=Q 59. Kc5 Qf5+ 60. Kb6 Re6+ 61. Ka7 Qf7+ 0-1


[Site "https://www.chess.com"]

[Event "Titled Tuesday Blitz June 13 Late 2023"]
[White "Vovk, Orest"]
[Black "FuenfgegenWilly"]
[WhiteFideId "14113490"]
[WhiteElo "2215"]
[BlackElo "2424"]
[Result "1-0"]
[Round "10"]
[TimeControl "180+2"]
[Date "2023.06.13"]
[WhiteClock "0:00:08"]
[BlackClock "0:00:00"]
[Board "55"]

1. g4 e5 2. Bg2 Ne7 3. h4 d5 4. g5 Ng6 5. d4 exd4 6. h5 Ne5 7. Qxd4 Nbc6 8. Qxd5 Qxd5 9. Bxd5 Nd4 10. Be4 c6 11. c3 Ne6 12. Nf3 Nxf3+ 13. Bxf3 Be7 14. Rg1 a5 15. Be3 a4 16. Nd2 Ra5 17. O-O-O Bxg5 18. Ne4 Bxe3+ 19. fxe3 Ke7 20. Nd6 Rd8 21. Nxc8+ Rxc8 22. Bg4 g6 23. Bxe6 Kxe6 24. hxg6 hxg6 25. Rg4 a3 26. b4 Re5 27. e4 Rh8 28. Kc2 Rh2 29. Rd2 c5 30. Kb3 Rh3 31. Rd3 Rh2 32. Re3 b5 33. bxc5 Rxc5 34. Kxa3 Rh1 35. Rf4 Rb1 36. Ref3 Rc4 37. Rf6+ Ke5 38. Ra6 f5 39. exf5 gxf5 40. Rd3 Kf4 41. Rd4+ Rxd4 42. cxd4 Ke4 43. Rf6 f4 44. d5 Rd1 45. d6 Ke3 46. Re6+ Kf2 47. Kb4 Rb1+ 48. Kc5 Rc1+ 49. Kxb5 Re1 50. d7 Rb1+ 51. Kc6 Rc1+ 52. Kd6 Rd1+ 53. Ke7 Rd2 54. d8=Q 1-0


[Site "https://www.chess.com"]

[Event "Titled Tuesday Blitz June 13 Late 2023"]
[White "Szente Varga, Fruzsina"]
[Black "Sreyas Payyappat"]
[WhiteFideId "712264"]
[BlackFideId "46674969"]
[WhiteElo "1994"]
[BlackElo "2043"]
[Result "0-1"]
[Round "10"]
[TimeControl "180+2"]
[Date "2023.06.13"]
[WhiteClock "0:01:24"]
[BlackClock "0:02:39"]
[Board "56"]

1. e4 c6 2. d4 d5 3. exd5 cxd5 4. Bd3 Nc6 5. c3 Qc7 6. Ne2 Bg4 7. h3 Bh5 8. O-O e6 9. Be3 Bd6 10. Qd2 Nf6 11. Ng3 Bg6 12. Bxg6 hxg6 13. Qd3 Bxg3 14. fxg3 Qxg3 15. Rf3 Qc7 16. Nd2 O-O 17. Raf1 e5 18. R3f2 e4 19. Qe2 Nh5 20. Qg4 Qd6 21. Re1 f5 22. Qg5 f4 23. Bxf4 Nxf4 0-1


[Site "https://www.chess.com"]

[Event "Titled Tuesday Blitz June 13 Late 2023"]
[White "ElDivis"]
[Black "Elaisaz"]
[WhiteElo "2550"]
[BlackElo "2313"]
[Result "1-0"]
[Round "10"]
[TimeControl "180+2"]
[Date "2023.06.13"]
[WhiteClock "0:00:30"]
[BlackClock "0:00:38"]
[Board "57"]

1. d4 Nf6 2. Nf3 g6 3. g3 Bg7 4. Bg2 O-O 5. O-O d6 6. c4 Nc6 7. Nc3 e5 8. d5 Nb8 9. e4 a5 10. c5 dxc5 11. Be3 Nbd7 12. a4 b6 13. Nd2 Ba6 14. Nb5 Ng4 15. Qxg4 f5 16. exf5 gxf5 17. Qg5 Rf6 18. f4 e4 19. Nc4 Rg6 20. Qxd8+ Rxd8 21. Rac1 c6 22. dxc6 Rxc6 23. g4 Nf6 24. gxf5 Rd3 25. Ne5 Rc8 26. Nxd3 exd3 27. Rfd1 Ng4 28. Bf2 Bxb2 29. Rb1 Nxf2 30. Kxf2 Bxb5 31. Rxb2 Bxa4 32. Rxd3 b5 33. f6 Kf7 34. Rd6 c4 35. Bd5+ Kf8 36. Ke3 1-0


[Site "https://www.chess.com"]

[Event "Titled Tuesday Blitz June 13 Late 2023"]
[White "Jaskolka, Tomasz"]
[Black "Adury, Anant"]
[WhiteFideId "1170791"]
[BlackFideId "30964687"]
[WhiteElo "2155"]
[BlackElo "2380"]
[Result "1/2-1/2"]
[Round "10"]
[TimeControl "180+2"]
[Date "2023.06.13"]
[WhiteClock "0:00:05"]
[BlackClock "0:00:06"]
[Board "58"]

1. d4 Nf6 2. Nc3 d5 3. Bf4 a6 4. e3 c5 5. Nf3 cxd4 6. exd4 Bg4 7. Be2 Nc6 8. Ne5 Bxe2 9. Nxe2 e6 10. c3 Bd6 11. Nxc6 bxc6 12. O-O O-O 13. b4 a5 14. a3 Ne4 15. Qd3 Bxf4 16. Nxf4 Nd6 17. Qc2 Nc4 18. Nd3 Nb6 19. Nc5 Qc7 20. Rfb1 Nd7 21. Nd3 axb4 22. axb4 Qb7 23. Qb2 Rxa1 24. Rxa1 Ra8 25. g3 Ra6 26. Kg2 Qa7 27. Rxa6 Qxa6 28. Nc5 Qc8 29. Qa3 Nxc5 30. bxc5 Qb7 31. Qa5 h6 32. Qd8+ Kh7 33. Qb6 Qd7 34. Kf3 f6 35. Qb8 e5 36. Qb1+ e4+ 37. Kg2 Qf5 38. Qd1 h5 39. h3 Kh6 40. Qd2+ g5 41. Qe2 Kg6 42. g4 hxg4 43. Qxg4 Qxg4+ 44. hxg4 Kf7 45. Kf1 Ke6 46. Ke2 f5 47. gxf5+ Kxf5 48. Ke3 g4 49. Ke2 Ke6 50. Ke3 Kf5 51. Ke2 Ke6 52. Ke3 Kf5 1/2-1/2


[Site "https://www.chess.com"]